 Seeded DCSS version 0.30.1-11-g7821555f0a (webtiles) character file.

Game seed: 5129858224507802926 (custom seed)

46 Psyclone the Conjurer (level 3, -4/19 HPs)
             Began as a Deep Elf Conjurer on Nov 7, 2023.
             Killed by nerve-wracking pain
             ... invoked by an orc priest
              (9 damage)
             ... on level 3 of the Dungeon.
             The game lasted 00:00:15 (283 turns).

Psyclone the Conjurer (Deep Elf Conjurer)            Turns: 283, Time: 00:00:15

Health: -4/19      AC:  2    Str:  4    XL:     3   Next: 44%
Magic:  0/10       EV: 12    Int: 24    God:
Gold:   30         SH:  0    Dex: 13    Spells: 6/9 levels left

rFire   . . .        (no weapon)
rCold   . . .        (no shield)
rNeg    . . .        a - +0 robe
rPois   .            (no helmet)
rElec   .            (no cloak)
rCorr   .            (no gloves)
SInv    .            (no boots)
Will    .....        (no amulet)
Stlth   ++           (no ring)
HPRegen 0.23/turn    (no ring)
MPRegen 0.12/turn

%: no passive effects
@: no status effects
A: no striking features
a: no special abilities


You were on level 3 of the Dungeon.
You visited 1 branch of the dungeon, and saw 3 of its levels.

You collected 30 gold pieces.

Inventory:

Armour
 a - a +0 robe (worn)
Scrolls
 d - a scroll of amnesia {unknown}
 e - a scroll of vulnerability {unknown}
Potions
 b - a potion of magic
 c - 2 potions of mutation {unknown}


   Skills:
 - Level 2.4 Dodging
 - Level 2.4 Stealth
 + Level 3.9 Spellcasting
 * Level 5.4 Conjurations


You had 6 spell levels left.
You knew the following spells:

 Your Spells              Type           Power      Damage    Failure   Level
a - Magic Dart            Conj           100%       1d8       1%          1
b - Searing Ray           Conj           60%        2d6       1%          2

Your spell library contained the following spells:

 Spells                   Type           Power      Damage    Failure   Level
 Dazzling Flash           Conj/Hex       34%        N/A       10%         3
 Fulminant Prism          Conj/Hex       8%         3d6       32%         4
 Iskenderun's Mystic Bla  Conj/Tloc      17%        2d5       32%         4


Dungeon Overview and Level Annotations

Branches:
Dungeon (3/15) Zot: 17716

Altars:

Shops:
D:2 =


Message History

The searing ray hits the orc wizard!
The orc wizard is severely wounded.
The searing ray hits the orc but does no damage.
You now have 4/8 mp.
The searing ray misses the orc wizard.
The searing ray hits the orc!
You kill the orc!
You finish channelling your searing ray.
The orc wizard hits you with a +0 dagger.
You take 2 damage, and have 13/15 hp.
You now have 3/8 mp.
Casting: Searing Ray (safe; 2% risk of failure)
Confirm with . or Enter, or press ? or * to list all spells.
Aiming: Searing Ray (safe; 2% risk of failure)
Press: ? - help, Shift-Dir - straight line, f - orc wizard
Aim: an orc wizard, wielding a +0 dagger and wearing a +0 robe (severely wounded, 74% to hit)
The searing ray hits the orc wizard!
You kill the orc wizard!
The searing ray hits the orc priest.
The orc priest is moderately wounded. (Press . to maintain the ray.)
You have reached level 3!
Your experience leads to an increase in your attributes!
Increase (S)trength, (I)ntelligence, or (D)exterity?
You feel clever. x2
You regained 4 hp, and now have 17/19 hp.
You now have 1/10 mp.
The searing ray hits the orc priest!
The orc priest is severely wounded.
You now have 0/10 mp.
The orc priest mumbles some strange prayers to Beogh against you.
Pain shoots through your body!
Ouch! That really hurt!
* * * LOW HITPOINT WARNING * * *
Things that are here:
a +0 dagger; a +0 robe You take 13 damage, and have 5/19 hp.
MASSIVE DAMAGE!!
You closely miss the orc priest.
The orc priest is severely wounded.
The orc priest mumbles some strange prayers to Beogh against you.
Pain shoots through your body!
You die...

# #.########
#.#...##...##
...<..#.###.##
..####.##
##.##### . #.#
#.<...# ..#
#.###.# ###.
#.## #.# # ..#
#.# ### #@#
#o# #)# #.#
... ..# ###


You could see an orc priest.

Vanquished Creatures
  An orc wizard (D:3)
  A dart slug (D:2)
  2 orcs (D:3)
  2 bats (D:2)
  3 endoplasms
  A goblin (D:2)
  2 hobgoblins (D:2)
  A quokka (D:2)
  2 ball pythons (D:2)
  A rat (D:1)
16 creatures vanquished.

Notes
Turn   | Place    | Note
-------+----------+-------------------------------------------
     0 | D:1      | Psyclone the Deep Elf Conjurer began the quest for the Orb.
     0 | D:1      | Reached XP level 1. HP: 10/10 MP: 6/6
    80 | D:2      | Found Zutuxkoi's Jewellery Shop.
    83 | D:2      | Reached XP level 2. HP: 15/15 MP: 4/8
   115 | D:2      | Learned a level 2 spell: Searing Ray
   277 | D:3      | Reached skill level 5 in Conjurations
   281 | D:3      | Reached XP level 3. HP: 17/19 MP: 1/10
   283 | D:3      | Killed from afar by an orc priest

Illustrated notes

Levels and vault maps discovered:
D:1:      saegor_arrival_simple_c, layout_rooms, serial_shops, shop,
          kennysheep_nondescript, minmay_misc_feat_ornament
D:2:      layout_basic, serial_shops, nicolae_shop_tiny_statue_garden,
          nicolae_shop_scrapyard, shop, shop
D:3:      layout_loops_ring

Skill      XL: |  1  2 |
---------------+-------+-----
Conjurations   | 5 |  5.4
Dodging        | |  2.4
Stealth        | |  2.4
Spellcasting   | |  3.9

Action                     || total
---------------------------++-------
  Melee: Unarmed           ||     1
   Cast: Magic Dart        ||    19
         Searing Ray       ||     2
  Dodge: Dodged            ||     1
